 Dungeon Crawl Stone Soup version 0.30-a0-23-ge60ba3568b (webtiles) character file.

Game seed: 17246733856380340481

3086 scionoferis the Covered (level 9, 0/75 HPs)
             Began as a Demigod Wanderer on Aug 24, 2022.
             Slain by a hornet (13 damage)
             ... on level 7 of the Dungeon.
             The game lasted 00:36:35 (8836 turns).

scionoferis the Covered (Demigod Wanderer)          Turns: 8836, Time: 00:36:36

Health: 0/75       AC: 10    Str: 18      XL:     9   Next: 33%
Magic:  8/19       EV: 12    Int: 17      God:
Gold:   460        SH:  0    Dex: 16 (17) Spells: 10/17 levels left

rFire   . . .      SeeInvis +    a - +2 whip (elec)
rCold   . . .      Faith    .    (no shield)
rNeg    . . .      Spirit   .    h - +0 troll leather armour {Pargi}
rPois   .          Reflect  .    (no helmet)
rElec   .          Harm     .    (no cloak)
rCorr   .          Rampage  .    (no gloves)
Will    +....                    i - +0 pair of boots
Stlth   +.........               (no amulet)
HPRegen 1.02/turn                g - ring of flight
MPRegen 0.16/turn                r - ring of see invisible

@: freezing walls, flying, slowed, very slow
A: high MP 1, forlorn, divine attributes, iridescent scales 2, deterioration 1,
strong-willed 1
a: no special abilities


You were on level 7 of the Dungeon.
You visited 1 branch of the dungeon, and saw 7 of its levels.
You also visited: Sewer and Ossuary.

You collected 460 gold pieces.

Inventory:

Hand Weapons
 a - a +2 whip of electrocution (weapon)
 b - a +0 sling
 v - a +2 hand axe of flaming
 D - a +2 flail of protection
 E - a +3 flail
 H - a +1 vorpal flail
Missiles
 j - 7 datura-tipped darts
 x - 16 poisoned darts (quivered)
 J - 5 boomerangs
Armour
 h - a +0 troll leather armour (worn) {Pargi}
 i - a +0 pair of boots (worn)
Jewellery
 g - a ring of flight (left hand)
 r - a ring of see invisible (right hand)
 t - a ring of resist corrosion
Wands
 G - a wand of quicksilver (5)
Scrolls
 c - 2 scrolls of enchant weapon
 d - a scroll of summoning
 f - 3 scrolls of teleportation
 m - a scroll of brand weapon
 o - 3 scrolls of amnesia
 q - 3 scrolls of vulnerability
 s - a scroll of identify
 w - a scroll of noise
 C - 2 scrolls of magic mapping
 F - a scroll of torment
 I - a scroll of poison
Potions
 e - a potion of invisibility {unknown}
 k - a potion of mutation
 l - a potion of haste
 n - a potion of berserk rage {unknown}
 p - 2 potions of cancellation
 u - 4 potions of curing
 z - a potion of might {unknown}
 A - 4 potions of brilliance {unknown}
 B - 5 potions of lignification
Miscellaneous
 y - a phantom mirror


   Skills:
 - Level 6.0 Fighting
 - Level 3.6 Short Blades
 * Level 3.7 Maces & Flails
 - Level 1.7 Ranged Weapons
 - Level 6.0 Armour
 - Level 2.8 Dodging
 * Level 4.6 Spellcasting
 + Level 6.0 Ice Magic


You had 10 spell levels left.
You knew the following spells:

 Your Spells              Type           Power      Damage    Failure   Level
a - Frozen Ramparts       Ice            48%        1d8       4%          3
b - Hailstorm             Conj/Ice       14%        3d5       43%         4

Your spell library contained the following spells:

 Spells                   Type           Power      Damage    Failure   Level
 Freeze                   Ice            96%        1d11      1%          1
 Sting                    Tmut/Pois      12%        1d3       17%         1
 Poisonous Vapours        Pois/Air       6%         N/A       26%         2
 Olgreb's Toxic Radiance  Pois           3%         N/A       86%         4
 Fireball                 Conj/Fire      1%         3d3       99%         5
 Iskenderun's Battlesphe  Conj           3%         2d6       99%         5
 Conjure Ball Lightning   Conj/Air       1%         3x3d6     100%        6
 Orb of Destruction       Conj           1%         9d5       100%        7


Dungeon Overview and Level Annotations

Branches:
Dungeon (7/15)              Sewer (visited)         Ossuary (visited)
 Temple: D:4-7


Innate Abilities, Weirdness & Mutations

You have an increased reservoir of magic. (+10% MP)
You shall have no god before yourself.
Your divine heritage dramatically boosts your attributes as you level up.
You are mostly covered in iridescent scales. (AC +4)
Your body sometimes deteriorates upon taking damage.
You are strong-willed. (Will+)


Message History

The hornet is severely wounded.
The frozen ramparts melt away.
You feel sick. The hornet barely misses you. The hornet stings you.
You feel as though you will be slow longer.
Casting: Frozen Ramparts (dangerous; 4% risk of failure)
Confirm with . or Enter, or press ? or * to list all spells.
Casting: Frozen Ramparts (dangerous; 4% risk of failure)
Press: ? - help, Dir - look around, f - activate The walls around you are covered in ice.
You feel sick.
The wall freezes the hornet.
The hornet stings you.
* * * LOW HITPOINT WARNING * * *
You suddenly lose the ability to move!
The wall freezes the hornet but does no damage.
The hornet stings you!
* * * LOW HITPOINT WARNING * * *
You feel as though you will be slow longer.
The wall freezes the hornet but does no damage.
The hornet stings you but does no damage.
You feel sick.
The wall freezes the hornet.
The hornet stings you!
* * * LOW HITPOINT WARNING * * *
Your body deteriorates!
You feel clumsy.
You feel as though you will be slow longer.
* * * LOW HITPOINT WARNING * * *
You feel sick.
The wall freezes the hornet but does no damage.
The hornet barely misses you.
The wall freezes the hornet but does no damage.
The hornet barely misses you.
You can move again.
Okay, then.
You feel better.
The wall freezes the hornet but does no damage.
The hornet stings you but does no damage.
The wall freezes the hornet but does no damage.
The hornet stings you but does no damage.
You barely miss the hornet.
The hornet is severely wounded.
The wall freezes the hornet but does no damage.
The hornet stings you!
You die...

..........##....
.........$#...#
..............### #
..........###...###.##
..........####.......#
........#c.###........#
.
.c...#####.#.)........#
. .##..# #.#.#.........
# #.... #.#@#.........
# .###...#
#.y.####.###.. .
...####..##.#### .# ..
# ... ...........###.#
# .. ...........)... #
#.##..####.#...####.
##.....# #........#.
.#.....# #..........
)).....######.....#...


You could see a hornet.

Vanquished Creatures
  Pikel (D:4)
  Menkaure (D:4)
  Pargi (Sewer)
  A black bear (D:5)
  4 ice beasts
  2 ogres
  A centaur (D:7)
  4 lemures (D:3)
  2 kobold brigands
  A necrophage (D:5)
  2 scorpions (D:5)
  A wight (Ossuary)
  A water moccasin zombie (Ossuary)
  6 killer bees
  A howler monkey (D:6)
  2 bullfrog zombies (Ossuary)
  2 hounds
  A jelly (D:6)
  4 orc priests
  2 centaur zombies (Ossuary)
  A gnoll bouda (D:6)
  Jessica (D:2)
  6 orc wizards
  2 scorpion zombies (Ossuary)
  3 iguanas (D:6)
  3 gnolls (D:6)
  12 adders
  2 shadow imps
  A white imp (D:6)
  2 ufetubi (D:5)
  2 adder zombies (Ossuary)
  4 worms
  5 dart slugs
  32 orcs
  4 bats
  3 endoplasms
  2 giant cockroaches
  3 gnoll zombies (Ossuary)
  10 goblins
  8 hobgoblins
  12 jackals
  2 quokkas (D:1)
  4 ball pythons
  3 frilled lizards
  5 goblin zombies (Ossuary)
  3 hobgoblin zombies (Ossuary)
  19 kobolds
  3 orc zombies (Ossuary)
  9 rats
206 creatures vanquished.

Notes
Turn   | Place    | Note
-------+----------+-------------------------------------------
     0 | D:1      | scionoferis the Demigod Wanderer began the quest for the
                  | Orb.
     0 | D:1      | scionoferis set off with the following items: a +2 short
                  | sword, a +0 sling, a +0 scale mail, a scroll of summoning.
     0 | D:1      | Reached XP level 1. HP: 14/14 MP: 3/3
   298 | D:1      | Reached skill level 1 in Fighting
   299 | D:1      | Reached XP level 2. HP: 18/23 MP: 4/4
   758 | D:1      | Reached skill level 1 in Dodging
   961 | D:2      | Reached XP level 3. HP: 28/29 MP: 5/5
  1742 | D:2      | Noticed Jessica
  1761 | D:2      | Killed Jessica
  1762 | D:2      | Reached XP level 4. HP: 37/37 MP: 6/6
  3225 | D:3      | Reached XP level 5. HP: 35/45 MP: 7/7
  3673 | D:3      | Learned a level 3 spell: Frozen Ramparts
  4098 | D:3      | Gained mutation: You are strong-willed. (Will+) [potion of
                  | mutation]
  4098 | D:3      | Gained mutation: Your body sometimes deteriorates upon
                  | taking damage. [potion of mutation]
  4098 | D:3      | Gained mutation: You are partially covered in iridescent
                  | scales. (AC +2) [potion of mutation]
  4098 | D:3      | Gained mutation: You are mostly covered in iridescent
                  | scales. (AC +4) [potion of mutation]
  4313 | D:4      | Noticed Pikel
  4368 | D:4      | Killed Pikel
  4369 | D:4      | Reached skill level 1 in Spellcasting
  4369 | D:4      | Reached XP level 6. HP: 34/52 MP: 7/10
  4369 | D:4      | Reached XP level 7. HP: 39/59 MP: 8/12
  4796 | D:4      | Noticed Menkaure
  4820 | D:4      | Killed Menkaure
  5802 | D:5      | Entered Level 5 of the Dungeon
  5956 | D:5      | Found a glowing drain.
  6002 | Sewer    | Entered a sewer
  6025 | Sewer    | Noticed Pargi
  6030 | Sewer    | Killed Pargi
  6031 | Sewer    | Reached skill level 5 in Armour
  6219 | D:5      | Reached XP level 8. HP: 67/67 MP: 11/15
  6306 | D:5      | Reached skill level 5 in Fighting
  6518 | D:5      | Saw a vision of the Swamp and the Spider Nest.
  6518 | D:5      | Noticed a steelbarb worm
  6518 | D:5      | Noticed a tarantella
  6518 | D:5      | Noticed an alligator
  6518 | D:5      | Noticed a bog body
  6518 | D:5      | Noticed a bog body
  6518 | D:5      | Noticed a tyrant leech
  6518 | D:5      | Noticed a tarantella
  6519 | D:5      | Noticed a radroach
  6520 | D:5      | Noticed a steelbarb worm
  6520 | D:5      | Noticed an alligator
  6521 | D:5      | Noticed a tarantella
  6521 | D:5      | Noticed a spriggan druid
  6521 | D:5      | Noticed an entropy weaver
  6687 | D:5      | Reached skill level 5 in Ice Magic
  7353 | D:6      | Reached skill level 1 in Maces & Flails
  7427 | D:6      | Found a sand-covered staircase.
  7542 | Ossuary  | Entered an ossuary
  7996 | Ossuary  | Noticed a silent spectre
  8083 | D:6      | Reached XP level 9. HP: 75/75 MP: 18/18
  8575 | D:6      | Learned a level 4 spell: Hailstorm
  8828 | D:7      | Paralysed by a hornet for 2 turns
  8832 | D:7      | Paralysed by a hornet for 3 turns
  8833 | D:7      | HP: 1/75 [hornet (10)]
  8836 | D:7      | Slain by a hornet

Illustrated notes

Levels and vault maps discovered:
D:1:      onia_arrival_pyramid, layout_loops_ring
D:2:      layout_loops_corners, serial_rivers, chequers_serial_rivers_large_a,
          chequers_serial_rivers_micro_c, chequers_serial_rivers_micro_c,
          chequers_serial_rivers_room_a, chequers_serial_rivers_micro_c,
          shapermc_ecumenical_altar_petra, uniq_jessica
D:3:      layout_basic, gammafunk_temple_overflow_pools
D:4:      layout_gridville, uniq_pikel, uniq_menkaure
D:5:      layout_basic, grunt_ashenzari_visionary
          [grunt_ashenzari_visionary_swamp, grunt_ashenzari_visionary_spider],
          portal_sewer_entry_d
D:6:      layout_rooms, nicolae_ossuary_entry_false_entrances, minivault_22,
          minmay_checkerbox
D:7:      layout_rooms, mainiacjoe_overflow_alcove_1, kiku_gazebo_pond_becter,
          nicolae_gozag_seed_capital, minmay_temple_entry_statues_fountains,
          minmay_misc_feat_hallway

Skill      XL: |  1  2  3  4  5  6  7  8  9 |
---------------+----------------------------+-----
Fighting       | 1 2 3 4 5 6 |  6.0
Dodging        | 1 2 |  2.8
Armour         | 4 5 6 |  6.0
Spellcasting   | 1 2 3 4 |  4.6
Ice Magic      | 2 4 5 6 |  6.0
Maces & Flails | 2 3 |  3.7
Short Blades   | |  3.6
Ranged Weapons | |  1.7

Action                   |  1- 3 |  4- 6 |  7- 9 || total
-------------------------+-------+-------+-------++-------
Melee: Short sword       |   163 |   258 |     1 ||   422
       Punch             |     1 |     2 |     5 ||     8
       Whip              |       |       |   434 ||   434
 Fire: Sling             |     6 |     3 |     3 ||    12
Throw: Dart              |       |       |     1 ||     1
 Cast: Frozen Ramparts   |       |       |    29 ||    29
  Use: Potion            |       |     8 |     6 ||    14
       Scroll            |       |     2 |    10 ||    12
 Stab: Sleeping          |       |       |     1 ||     1
Armor: Scale mail        |    61 |    39 |       ||   100
       Ring mail         |       |    45 |    52 ||    97
       Troll leather arm |       |       |   119 ||   119
       Skin              |       |       |    16 ||    16
Dodge: Dodged            |    58 |    93 |   239 ||   390

Table legend: (Time is in decaauts)
 A = Elapsed time spent in this place.
 B = Non-inter-level travel time spent in this place.
 C = Inter-level travel time spent in this place.
 D = Time resting spent in this place.
 E = Time spent auto-exploring this place.
 F = Levels seen in this place.
 G = Mean time per level.
                   A        B        C        D        E       F      G
               +--------+--------+--------+--------+--------+-----+--------+
         Total |   8795 |   8532 |    263 |    963 |   5212 |   9 |  977.2 |
       Dungeon |   8166 |   7903 |    263 |    851 |   5098 |   7 | 1166.6 |
         Sewer |    134 |    134 |      0 |      7 |     72 |   1 |  134.0 |
       Ossuary |    494 |    494 |      0 |    105 |     42 |   1 |  494.0 |
               +--------+--------+--------+--------+--------+-----+--------+

Top non-repeatable levels by time:
     D:3: 2318 daAuts
     D:5: 1369 daAuts
     D:2: 1289 daAuts
     D:4: 1279 daAuts
     D:1: 887 daAuts
     D:6: 844 daAuts
 Ossuary: 494 daAuts
     D:7: 179 daAuts
   Sewer: 134 daAuts
